General information
			
			
        
        - name: BNet
 
        - type: Ladder 1vs1/FFA
 
        - host: Battle.net
 
        - saver: DukeOfDefence
 
        
map: MeltingValley 
        - players: 2
 
        - length: 36:16
 
        - speed: Fast
 - version: 1.22 W3XP
 - replay type:  Public
 
» download(137 KB)
Players
        team 1 (loser) 
              
              
GladToBeALoser (
yellow | 112 APM | 4060 actions | 36:15)
              
 5 Death Knight 
 3 Death Coil
 2 Unholy Aura
 4 Lich 
 2 Frost Nova
 2 Dark Ritual
 4 Pandaren Brewmaster 
 2 Breath of Fire
 2 Drunken Haze
 
                » actions 
                
                | Assign group hotkey | 174 |  | 
| Basic commands | 375 |  | 
| Build / train | 85 |  | 
| ESC pressed | 4 |  | 
| Enter build submenu | 30 |  | 
| Enter hero's abilities submenu | 13 |  | 
| Give item / drop item | 5 |  | 
| Right click | 1298 |  | 
| Select / deselect | 747 |  | 
| Select group hotkey | 1128 |  | 
| Use ability | 201 |  | 
                4060 total
 » units 
                
                | Acolyte | 22 |  | 
| Ghoul | 11 |  | 
| Obsidian Statue | 7 |  | 
| Meatwagon | 4 |  | 
| Gargoyle | 3 |  | 
| Goblin Zeppelin | 2 |  | 
                49 total
 » upgrades
                » buildings
                
                | Crypt | 3 |  | 
| Altar of Darkness | 1 |  | 
| Ziggurat | 7 |  | 
| Tomb of Relics | 2 |  | 
| Graveyard | 1 |  | 
| Halls of the Dead | 1 |  | 
| Black Citadel | 1 |  | 
| Slaughterhouse | 2 |  | 
| Nerubian Tower | 1 |  | 
                19 total
 » build order
                00:06 Crypt
00:09 Altar of Darkness
00:11 Crypt
00:14 Ziggurat
01:02 Tomb of Relics
01:05 Tomb of Relics
01:38 Ziggurat
03:14 Graveyard
05:14 Halls of the Dead
05:17 Ziggurat
06:14 Ziggurat
07:44 Black Citadel
07:46 Slaughterhouse
07:48 Slaughterhouse
09:16 Nerubian Tower
10:08 Ziggurat
10:47 Ziggurat
18:36 Ziggurat
20:05 Crypt
» items
                
                | Rod of Necromancy | 3 |  | 
| Boots of Speed | 3 |  | 
| Orb of Corruption | 1 |  | 
| Potion of Lesser Invulnerability | 2 |  | 
| Scroll of Town Portal | 1 |  | 
| Potion of Invisibility | 1 |  | 
                11 total
  
               team 2 (winner) 
              
              
DukeOfDefence (
teal | 95 APM | 3439 actions | 36:16)
              
 4 Archmage 
 2 Blizzard
 2 Brilliance Aura
 4 Blood Mage 
 2 Flame Strike
 2 Siphon Mana
 1 Mountain King 
 1 Storm Bolt
 
                » actions 
                
                | Assign group hotkey | 22 |  | 
| Basic commands | 18 |  | 
| Build / train | 177 |  | 
| ESC pressed | 7 |  | 
| Enter build submenu | 65 |  | 
| Enter hero's abilities submenu | 9 |  | 
| Give item / drop item | 13 |  | 
| Right click | 1660 |  | 
| Select / deselect | 842 |  | 
| Select group hotkey | 340 |  | 
| Use ability | 286 |  | 
                3439 total
 » units 
                
                | Peasant | 44 |  | 
| Sorceress | 5 |  | 
| Priest | 2 |  | 
| Forest Troll Shadow Priest | 1 |  | 
| Goblin Sapper | 4 |  | 
| Goblin Shredder | 1 |  | 
                57 total
 » upgrades
                
                | Masonry | 3 |  | 
| Lumber Harvesting | 2 |  | 
| Magic Sentry | 1 |  | 
| Sorceress Training | 2 |  | 
| Priest Training | 2 |  | 
| Backpack | 1 |  | 
                11 total
 » buildings
                
                | Altar of Kings | 1 |  | 
| Farm | 3 |  | 
| Scout Tower | 61 |  | 
| Lumber Mill | 1 |  | 
| Arcane Tower | 14 |  | 
| Guard Tower | 39 |  | 
| Keep | 2 |  | 
| Arcane Vault | 1 |  | 
| Town Hall | 2 |  | 
| Arcane Sanctum | 1 |  | 
| Castle | 1 |  | 
                126 total
 » build order
                00:05 Altar of Kings
00:19 Farm
00:20 Scout Tower
00:28 Lumber Mill
00:50 Arcane Tower
01:19 Farm
03:09 Scout Tower
03:11 Scout Tower
03:13 Farm
03:49 Guard Tower
05:07 Keep
05:12 Guard Tower
05:22 Scout Tower
05:50 Guard Tower
05:58 Scout Tower
05:59 Scout Tower
06:28 Guard Tower
06:29 Scout Tower
06:39 Scout Tower
06:39 Scout Tower
06:40 Scout Tower
06:45 Arcane Tower
07:00 Scout Tower
07:07 Arcane Vault
07:11 Scout Tower
07:13 Guard Tower
07:14 Scout Tower
07:17 Town Hall
07:27 Guard Tower
07:39 Guard Tower
07:42 Scout Tower
07:53 Guard Tower
08:01 Arcane Tower
08:21 Guard Tower
08:22 Scout Tower
08:49 Scout Tower
08:54 Arcane Tower
09:03 Scout Tower
09:04 Scout Tower
09:05 Scout Tower
09:19 Guard Tower
09:30 Guard Tower
09:32 Guard Tower
09:32 Guard Tower
09:33 Scout Tower
09:38 Guard Tower
09:54 Scout Tower
09:57 Scout Tower
10:03 Arcane Tower
10:10 Scout Tower
10:29 Guard Tower
10:31 Scout Tower
10:48 Guard Tower
10:50 Arcane Tower
10:54 Scout Tower
11:01 Scout Tower
11:08 Guard Tower
11:10 Scout Tower
11:26 Guard Tower
11:28 Scout Tower
11:32 Scout Tower
11:54 Guard Tower
12:07 Town Hall
12:26 Scout Tower
12:27 Scout Tower
12:40 Guard Tower
12:54 Scout Tower
13:07 Guard Tower
13:10 Keep
13:53 Guard Tower
13:55 Arcane Tower
14:47 Scout Tower
14:50 Scout Tower
14:51 Scout Tower
14:52 Scout Tower
14:52 Scout Tower
14:56 Scout Tower
14:57 Scout Tower
14:58 Scout Tower
15:01 Scout Tower
15:01 Scout Tower
15:03 Scout Tower
15:16 Arcane Tower
15:19 Scout Tower
15:24 Guard Tower
15:26 Arcane Tower
15:27 Guard Tower
15:36 Scout Tower
15:39 Scout Tower
15:44 Arcane Sanctum
15:50 Guard Tower
16:02 Guard Tower
16:38 Guard Tower
16:46 Scout Tower
16:51 Guard Tower
17:01 Guard Tower
17:06 Scout Tower
17:13 Guard Tower
17:47 Guard Tower
17:48 Scout Tower
17:51 Scout Tower
17:56 Arcane Tower
17:58 Guard Tower
18:19 Guard Tower
18:22 Scout Tower
18:25 Arcane Tower
18:28 Arcane Tower
19:02 Guard Tower
21:29 Castle
24:26 Scout Tower
24:30 Scout Tower
25:18 Guard Tower
25:40 Guard Tower
25:42 Scout Tower
25:44 Scout Tower
25:44 Scout Tower
26:24 Guard Tower
26:40 Scout Tower
26:41 Scout Tower
26:56 Arcane Tower
28:03 Guard Tower
28:06 Scout Tower
28:07 Scout Tower
28:08 Scout Tower
33:11 Arcane Tower
33:12 Guard Tower
» items
                
                | Staff of Teleportation | 3 |  | 
| Boots of Speed | 3 |  | 
| Dust of Appearance | 1 |  | 
| Scroll of Regeneration | 5 |  | 
| Potion of Invisibility | 1 |  | 
| Potion of Lesser Invulnerability | 1 |  | 
| Potion of Healing | 8 |  | 
| Potion of Mana | 1 |  | 
| Lesser Clarity Potion | 6 |  | 
| Scroll of Town Portal | 3 |  | 
| Staff of Sanctuary | 3 |  | 
| Circlet of Nobility | 2 |  | 
| Periapt of Vitality | 2 |  | 
| Orb of Fire | 1 |  | 
                40 total
  
                Chat log
          
(36:14 / All) GladToBeALoser: gg